 Dungeon Crawl Stone Soup version 0.20.0-15-g7f486f2 (webtiles) character file.

1092081 asdasd2 the Conqueror (level 27, -3/217 (218) HPs)
             Began as a Minotaur Fighter on June 9, 2017.
             Was the Champion of the Shining One.
             Killed from afar by a hellion (35 damage)
             ... with damnation
             ... in Pandemonium on June 10, 2017.
             The game lasted 03:40:15 (82196 turns).

asdasd2 the Conqueror (Minotaur Fighter)           Turns: 82196, Time: 03:40:16

HP:   -3/217 (218)  AC: 50    Str: 34 (36) XL:     27
MP:   35/35         EV: 19    Int:  9      God:    the Shining One [******]
Gold: 7640          SH:  0    Dex:  9      Spells: 26/26 levels left

rFire    + + .     SeeInvis +   X - +9 executioner's axe (holy)
rCold    . . .     Gourm    .   (shield currently unavailable)
rNeg     + + +     Faith    .   M - +14 crystal plate armour
rPois    +         Spirit   .   m - +0 hat "Wiuzusch" {*Drain rF+ rN+ MR+}
rElec    +         Reflect  .   F - +2 cloak {rPois}
rCorr    .         Harm     .   l - +2 pair of gloves {Str+3}
MR       +++..     Rnd*Rage +   J - +2 pair of boots {Fly}
Stlth    ..........             k - amulet of Activism {rF+ Regen+ Int+8 Dex-5 SInv}
Regen    0.9/turn               I - ring "Ysuce" {Wiz rElec Slay+2}
MPRegen  0.3/turn               S - +5 ring of strength

@: flying, glowing, studying Maces & Flails
A: retaliatory headbutt, horns 2, berserk 3, blurry vision 1, deformed body,
deterioration 1, dopey 2, frail 2, low mp 1, screaming 1, weak 1, subdued magic
3, MP-powered wands
}: 10/15 runes: decaying, serpentine, slimy, silver, iron, obsidian, icy, bone,
magical, dark
a: Divine Shield, Cleansing Flame, Summon Divine Warrior, Renounce Religion,
Stop Flying


You were in Pandemonium.
You worshipped the Shining One.
The Shining One was exalted by your worship.
You were hungry.

You visited 16 branches of the dungeon, and saw 82 of its levels.
You visited Pandemonium 1 time, and saw 10 of its levels.
You also visited: Labyrinth, Trove, Ice Cave and Volcano.

You collected 11698 gold pieces.
You spent 4058 gold pieces at shops.

Inventory:

Hand Weapons
 d - a +7 executioner's axe of chopping
 X - a +9 executioner's axe of holy wrath (weapon)
Armour
 b - a scarf of cloud immunity
 j - a scarf of resistance
 l - a +2 pair of gloves of strength (worn)
 m - the +0 hat "Wiuzusch" (worn) {*Drain rF+ rN+ MR+}
   (You found it in a treasure trove)

   It protects you from fire.
   It protects you from negative energy.
   It affects your resistance to hostile enchantments.
   It causes draining when unequipped.
 w - the +1 pair of boots of Fun {Str+3 SInv}
   (You found it in a treasure trove)

   It affects your strength (+3).
   It lets you see invisible.
 x - the scarf "Ipinus" {rF+ rN+ Int+3 Stlth+}
   (Okawaru gifted it to you on level 5 of the Vaults)

   It affects your intelligence (+3).
   It protects you from fire.
   It protects you from negative energy.
   It makes you more stealthy.
 F - a +2 cloak of poison resistance (worn)
 J - a +2 pair of boots of flying (worn)
 M - a +14 crystal plate armour (worn)
Jewellery
 k - the amulet of Activism (around neck) {rF+ Regen+ Int+8 Dex-5 SInv}
   (You bought it in a shop on level 2 of the Orcish Mines)

   [amulet of regeneration]

   It affects your intelligence (+8).
   It affects your dexterity (-5).
   It protects you from fire.
   It lets you see invisible.
   It increases your rate of regeneration.
 q - an uncursed ring of resist corrosion
 r - the brooch of Shielding {Reflect SH+8}
   (You found it on level 7 of Gehenna)

   [amulet of reflection]

   It shields you and reflects attacks.
   It affects your SH (+8).
 t - an uncursed ring of poison resistance
 E - the ring of Robustness {AC+8}
   (You found it on level 4 of the Lair of Beasts)

   [ring of protection]

   It affects your AC (+8).
 I - the ring "Ysuce" (left hand) {Wiz rElec Slay+2}
   (You bought it in a shop on level 8 of the Dungeon)

   [ring of wizardry]

   It improves your spell success rate.
   It affects your accuracy and damage with ranged weapons and melee attacks
   (+2).
   It insulates you from electricity.
 S - a +5 ring of strength (right hand)
 V - an uncursed ring of stealth
Wands
 n - a wand of lightning (8/15)
 v - a wand of polymorph (9/24)
 y - a wand of digging (11/24)
 K - a wand of flame (24/48)
 O - a wand of digging (10/24)
 Q - a wand of disintegration (1/24)
 U - a wand of disintegration (9/24)
Scrolls
 c - 2 scrolls of silence
 h - 3 scrolls of magic mapping
 o - 8 scrolls of identify
 u - 34 scrolls of remove curse
 A - a scroll of brand weapon
 B - 12 scrolls of fog
 D - 15 scrolls of recharging
 P - 13 scrolls of teleportation
 R - 3 scrolls of fear
 T - 3 scrolls of summoning
 W - 6 scrolls of enchant armour
 Y - 3 scrolls of blinking
 Z - 4 scrolls of holy word
Potions
 a - 11 potions of haste
 i - 6 potions of agility
 p - 9 potions of cancellation
 s - 5 potions of magic
 z - 8 potions of resistance
 C - 9 potions of brilliance
 G - 2 potions of berserk rage
 H - 21 potions of curing
 L - 5 potions of heal wounds
 N - 4 potions of might
Books
 e - a manual of Maces & Flails
Comestibles
 f - 21 bread rations
 g - 33 meat rations


   Skills:
 O Level 27 Fighting
 O Level 27 Axes
 + Level 1.6(18.8) Maces & Flails
 O Level 27 Armour
 O Level 27 Dodging
   Level 3.6 Shields
 O Level 27 Invocations
 + Level 22.0 Evocations


You had 26 spell levels left.
You didn't know any spells.

Dungeon Overview and Level Annotations

Branches:
Dungeon (15/15)            Temple (1/1) D:7            Lair (6/6) D:9
  Swamp (4/4) Lair:2        Snake (4/4) Lair:3        Slime (5/5) Lair:5
    Orc (2/2) D:11            Elf (3/3) Orc:2        Vaults (5/5) D:14
  Crypt (3/3) Vaults:2       Tomb (0/3) Crypt:3      Depths (5/5) D:15
   Hell (1/1)                 Dis (7/7) Hell            Geh (7/7) Hell
    Coc (7/7) Hell            Tar (7/7) Hell            Zot (0/5) Depths:5

Altars:
Ashenzari
Cheibriados
Dithmenos
Elyvilon
Fedhas
Gozag
Hepliaklqana
Kikubaaqudgha
Makhleb
Nemelex Xobeh
Okawaru
Qazlal
Ru
Sif Muna
Trog
Uskayaw
Vehumet
Xom
Yredelemnul
Zin
The Shining One
Beogh
Jiyva

Shops:
D:8 =   D:11 %   D:12 [   D:13 (   D:14 *   Orc:1 ?[**   Orc:2 *[=((
Snake:2 %   Vaults:2 }   Vaults:3 :   Vaults:4 ?   Vaults:5 ?   Depths:2 **[%
Depths:4 !

Portals:
Hell: Depths:1 Depths:2 Depths:3 Depths:4 Depths:5
Abyss: Depths:2 Depths:4 Depths:5
Pandemonium: Depths:1 Depths:3
Ziggurat: Depths:3

Annotations:
Lair:3 exclusion: oklob plant
Elf:1 exclusion: 2 ice statues
Depths:3 1 transporter


Innate Abilities, Weirdness & Mutations

You reflexively headbutt those who attack you in melee.
You have a pair of horns on your head.
You have an uncontrollable temper.
Scrolls take you a little longer to read.
Armour fits poorly on your strangely shaped body.
Your body sometimes deteriorates upon taking damage.
You are very dopey. (Int -4)
You are very frail. (-20% HP)
Your magical capacity is low. (-10% MP)
You occasionally shout uncontrollably at your foes.
You are weak. (Str -2)
Your spells are much easier to cast, but much less powerful.
You expend magic power (3 MP) to strengthen your wands.


Message History

The sphere of damnation explodes!
The damnation engulfs you!
Unknown command.
Unknown command.
The hellion gestures at you.
The sphere of damnation explodes!
The damnation engulfs you! The hellion gestures at you.
The sphere of damnation explodes!
The damnation engulfs you! The hellion gestures at you.
The sphere of damnation explodes!
The damnation engulfs you! The hellion gestures at you.
The sphere of damnation explodes!
The damnation engulfs you!
* * * LOW HITPOINT WARNING * * *
You hear a hideous shriek!
Unknown command.
The hellion gestures at you.
The sphere of damnation explodes!
The damnation engulfs you!
* * * LOW HITPOINT WARNING * * *
The hellion gestures at you.
The sphere of damnation explodes!
The damnation engulfs you!
You die...

≈...... #...##...# #..
≈≈.....###........#######..
§≈≈≈≈≈......................
≈≈§≈≈≈......................
b.≈≈≈≈≈.....................
..2§§≈≈.###...##............
.}2≈≈§≈≈###...##...######...
.[22≈≈≈§&..........# #...
22222§≈≈...@.......# #...
|2222§§≈...........# #...
[.§2§≈≈≈##.........# #...
..2≈≈§§§##....##...######...
.≈≈≈≈≈.§ #....##............
§§§§≈≈. .....##............
§§≈≈≈ ............=......
§≈.. ....................
...###...####.....


You could see Iddeoceapt and 2 hellions.

Vanquished Creatures
  Antaeus (Hell)
  Asmodeus (Geh:7)
  the Royal Jelly (Slime:5)
  7 pandemonium lords (Pan)
  Gloorx Vloq (Pan)
  the Serpent of Hell (Dis:7)
  Ereshkigal (Tar:7)
  Lom Lobon (Pan)
  Mara (Crypt:2)
  3 ancient liches
  7 shard shrikes
  Bai Suzhen (Depths:1)
  A caustic shrike (Depths:2)
  8 golden dragons
  Geryon (Hell)
  14 bone dragons
  Jorgrun (Vaults:5)
  Rupert (D:12)
  19 Tzitzimimeh
  21 Brimstone Fiends
  5 doom hounds
  11 liches
  6 iron giants (Dis:7)
  7 Hell Sentinels
  19 Ice Fiends
  6 tentacled monstrosities
  5 deep elf master archers
  10 deep elf blademasters
  17 titans
  7 quicksilver dragons (Dis:7)
  17 acid blobs
  5 eldritch tentacles
  18 Executioners
  6 sphinxes
  Kirke (Lair:4)
  7 ancient champions
  3 thorn hunters
  7 storm dragons
  Donald (Slime:5)
  11 shadow dragons
  11 tengu reavers
  7 warmongers (Pan)
  The ghost of Haldmier the Nimble, an adept HaMo of Nemelex Xobeh (Snake:1)
  12 azure jellies
  8 nagarajas (Snake:4)
  32 fire giants
  Aizul (Snake:1)
  2 revenants
  13 vault wardens
  27 frost giants
  7 iron dragons
  3 curse skulls
  6 deep elf sorcerers
  2 orc warlords (Orc:2)
  Louise (Snake:1)
  24 balrugs
  14 cacodemons
  A draconian scorcher (Depths:5)
  4 ghouls
  30 very ugly things
  8 ironheart preservers
  36 stone giants
  64 reapers
  4 draconian annihilators
  7 deep elf elementalists
  2 elemental wellsprings
  3 spriggan defenders (Depths:2)
  13 blood saints (Pan)
  An entropy weaver (Vaults:4)
  5 corrupters (Pan)
  The ghost of skittles the Destroyer, a journeyman DrFE of Vehumet (Volcano)
  11 vampire knights
  3 green draconians
  23 war gargoyles
  A red draconian (Elf:2)
  7 black suns (Pan)
  4 deep elf demonologists
  Azrael (D:12)
  9 deep elf annihilators
  2 yellow draconians
  2 white draconians
  5 black draconians
  The ghost of TheGamingCockatoo the Cleaver, a journeyman MiBe of Trog (Lair:2)
  8 lorocyprocas (Pan)
  3 purple draconians
  16 green deaths
  A dire elephant (Lair:6)
  Snorg (D:13)
  A mummy priest (Crypt:3)
  10 jiangshi
  10 spark wasps
  12 eidola
  17 deep elf death magi
  A minotaur (Lab)
  17 great orbs of eyes
  7 quicksilver dragon zombies
  13 death oozes
  34 blizzard demons
  8 ettins
  11 fire dragons
  22 yaktaur captains
  Harold (Lair:3)
  3 hell beasts
  Fannar (Lair:2)
  7 monstrous demonspawn (Pan)
  6 deep elf high priests
  5 spriggan air magi
  24 vault guards (Vaults:5)
  2 quicksilver dragon skeletons
  17 rakshasas
  31 ice dragons
  7 naga warriors
  14 ogre magi
  21 hydras
  5 ghost crabs
  4 centaur warriors
  An anaconda (shapeshifter) (Depths:2)
  6 alligators
  A catoblepas (Lair:6)
  2 death knights
  39 two-headed ogres
  4 tengu warriors
  4 anacondas
  4 orc high priests (Orc:2)
  35 hell hogs
  27 dancing weapons
  6 titan zombies
  10 vampire magi
  11 deep troll earth magi
  5 spriggan berserkers
  18 naga sharpshooters
  8 deep troll shamans
  35 deep elf knights
  8 shock serpents
  26 hell knights
  60 soul eaters
  5 titan skeletons
  44 sun demons
  7 storm dragon zombies
  4 iron golems
  4 golden dragon zombies
  11 iron trolls
  2 fire crabs (shapeshifter)
  13 shadow wraiths
  18 sixfirhies (Pan)
  3 storm dragon skeletons
  134 skeletal warriors
  10 glowing orange brains
  17 flayed ghosts
  8 anaconda zombies
  2 spriggan druids
  A swamp dragon (shapeshifter) (Vaults:5)
  A ghost moth zombie (Coc:7)
  6 unseen horrors
  5 torturous demonspawn (Pan)
  30 deep trolls
  A deep troll (shapeshifter) (Depths:2)
  8 infernal demonspawn (Pan)
  3 naga ritualists
  20 shadow demons
  16 ironbrand convokers
  26 deep elf archers
  32 phantasmal warriors
  A lindwurm (shapeshifter) (D:15)
  6 anaconda skeletons
  6 shadow dragon zombies
  4 wolf spider zombies
  2 shambling mangroves
  A sphinx zombie (Depths:4)
  74 deep elf magi
  A tengu skeleton (Vaults:2)
  7 golden dragon skeletons
  6 gelid demonspawn (Pan)
  8 stone giant zombies
  10 swamp dragons
  3 lindwurms (Lair:6)
  22 necromancers
  10 frost giant zombies
  3 shadow dragon skeletons
  7 wizards
  4 mana vipers
  18 orc knights
  11 harpies
  5 fire giant zombies
  5 wolf spiders
  4 iron dragon zombies
  9 orc sorcerers
  2 salamanders
  68 ugly things
  A shining eye (shapeshifter) (Depths:5)
  6 shining eyes
  A sphinx skeleton (Vaults:2)
  A glowing shapeshifter (Vaults:5)
  6 stone giant skeletons
  A salamander (shapeshifter) (Vaults:3)
  5 cyclopes
  3 elephants (Lair:4)
  6 manticores
  5 dire elephant zombies
  3 fire giant skeletons
  2 eyes of devastation
  10 naga magi
  A storm dragon simulacrum (Vaults:4)
  27 black mambas
  8 human skeletons
  4 iron dragon skeletons
  Joseph (D:7)
  6 ice statues
  An elephant (shapeshifter) (Depths:5)
  21 rust devils
  31 large abominations
  3 guardian serpents
  21 orange demons
  22 spiny frogs
  A centaur zombie (D:14)
  A gargoyle (D:14)
  A torpor snail (Lair:5)
  16 vault sentinels
  7 molten gargoyles
  69 smoke demons
  9 frost giant skeletons
  A yellow draconian zombie (Crypt:1)
  2 kobold demonologists
  A red draconian zombie (Crypt:2)
  2 shock serpent skeletons
  50 hellions
  4 human zombies
  4 catoblepas zombies
  A spriggan skeleton (Depths:4)
  An emperor scorpion zombie (Tar:7)
  The ghost of sagitran the Sneak, a novice OpAs of Ru (D:4)
  46 tormentors
  A yaktaur zombie (Vaults:2)
  13 demonic crawlers
  4 anaconda simulacra
  7 rime drakes
  26 freezing wraiths
  3 komodo dragons
  7 dire elephant skeletons
  2 guardian mummies (Crypt:1)
  12 efreet
  38 hellwings
  A golden dragon simulacrum (IceCv)
  55 ice devils
  A silent spectre (Tar:1)
  2 harpy zombies
  36 red devils
  2 red draconian skeletons (Crypt:2)
  8 tengu conjurers
  73 yaktaurs
  2 purple draconian skeletons
  12 hydra zombies
  A polar bear (Depths:3)
  A queen bee (shapeshifter) (D:15)
  A hornet (shapeshifter) (Vaults:2)
  22 hornets
  A queen bee (Lair:3)
  A wind drake (shapeshifter) (Depths:2)
  9 trolls
  4 harpy skeletons
  4 tyrant leeches
  8 ice dragon zombies
  6 blink frogs
  6 ettin zombies
  A blink frog (shapeshifter) (Vaults:3)
  6 hydra skeletons
  16 bog bodies
  7 alligator zombies
  66 slime creatures
  2 fire dragon zombies
  13 hippogriffs
  The ghost of ThereIsNoGod the Cudgeler, an amateur GrFi (D:3)
  3 air elementals
  A redback (Vaults:4)
  11 ettin skeletons
  141 flying skulls
  14 spriggans
  5 black mamba zombies
  8 ice dragon skeletons
  A vampire (D:13)
  19 shadows
  40 wraiths
  5 alligator skeletons
  A fire dragon skeleton (Geh:6)
  A dire elephant simulacrum (IceCv)
  26 yaks
  9 ynoxinuls (Pan)
  3 hogs (shapeshifter)
  An ushabti (Crypt:3)
  A tarantella (shapeshifter) (Vaults:5)
  5 fire bats
  22 water elementals
  4 wyverns
  10 golden eyes
  6 basilisks
  A steam dragon (shapeshifter) (Depths:2)
  8 hungry ghosts
  25 fire elementals
  8 neqoxecs (Pan)
  3 hogs (Lair:4)
  21 vampire mosquitoes
  A basilisk (shapeshifter) (Elf:2)
  28 chaos spawn
  5 wargs
  4 harpy simulacra
  27 insubstantial wisps
  Menkaure (D:5)
  A water nymph zombie (Crypt:2)
  16 swamp worms
  44 nagas
  An iron troll simulacrum (IceCv)
  2 merfolk zombies
  86 hell hounds
  2 soldier ants (shapeshifter)
  A spatial vortex (Geh:6)
  An acid dragon (Vaults:2)
  2 floating eyes
  2 hydra simulacra
  14 spiny frog zombies
  2 torturous demonspawn skeletons
  13 water moccasins
  12 swamp drakes
  9 porcupines
  59 orc warriors
  5 spiny frog skeletons
  3 ettin simulacra
  5 ice beasts
  9 small abominations
  An alligator simulacrum (Hell)
  3 swamp dragon zombies
  2 fire dragon simulacra (Elf:1)
  2 black mamba simulacra
  2 eyes of draining
  4 snapping turtle zombies
  9 phantoms
  A lindwurm zombie (Crypt:1)
  2 manticore zombies
  40 ogres
  9 wolves
  12 boggarts
  28 necrophages
  10 centaurs
  An elf skeleton (Vaults:2)
  11 snapping turtle skeletons
  16 crocodiles
  A big kobold (shapeshifter) (Depths:2)
  3 elf zombies
  2 big kobolds
  A gnoll sergeant (D:9)
  18 bullfrogs
  A salamander skeleton (Crypt:1)
  2 earth elementals
  2 water moccasin zombies
  6 wyvern skeletons
  8 scorpions
  A spriggan zombie (Coc:6)
  2 elephant simulacra (Elf:1)
  42 killer bees
  93 wights
  11 electric eels
  3 howler monkeys
  16 crimson imps
  6 lava snakes (Volcano)
  A bullfrog zombie (Crypt:1)
  A wolf skeleton (Crypt:2)
  5 quasits
  6 hounds
  2 centaur skeletons
  23 orc priests
  A basilisk zombie (Crypt:2)
  24 iron imps
  5 jellies
  45 orc wizards
  A bullfrog skeleton (D:5)
  Jessica (D:3)
  Terence (D:3)
  6 iguanas
  Natasha (thrice) (D:2)
  4 hell rats (Hell)
  10 worker ants
  A troll simulacrum (Elf:1)
  A killer bee zombie (D:7)
  3 ogre zombies
  A tengu zombie (Dis:7)
  A big kobold skeleton (Crypt:2)
  An ogre skeleton (Crypt:1)
  12 mummies
  A hound skeleton (D:9)
  A worker ant zombie (D:9)
  3 gnolls (D:9)
  17 adders
  A naga simulacrum (Elf:1)
  15 shadow imps
  17 white imps
  An ooze (D:4)
  A worm zombie (Crypt:2)
  An adder zombie (D:4)
  3 worms
  A barachi skeleton (Crypt:1)
  A dart slug (D:1)
  5 leopard geckos
  156 orcs
  3 bats
  5 giant cockroaches
  15 goblins
  2 hobgoblins
  7 jackals
  10 kobolds
  4 quokkas
  2 ball pythons
  7 frilled lizards
  A frilled lizard skeleton (Crypt:1)
  A leopard gecko skeleton (D:5)
  An orc zombie (Dis:7)
  A quokka skeleton (D:4)
  A quokka zombie (Crypt:1)
  3 rats
  3 briar patches (Swamp:4)
  5 crawling corpses
  3 fire vortices (Geh:7)
  2 fungi (Lair:6)
  6 plants
  3 withered plants (Crypt:3)
4549 creatures vanquished.

Vanquished Creatures (collateral kills)
  Dispater (Dis:7)
1 creature vanquished.

Vanquished Creatures (others)
  A storm dragon (Depths:4)
  An elemental wellspring (Coc:7)
  A green death (Pan)
  A yaktaur captain (Vaults:1)
  A tengu warrior (Depths:3)
  A spriggan druid (Swamp:4)
  2 deep elf archers (Elf:2)
  A smoke demon (Pan)
  5 yaktaurs
  A tormentor (Hell)
  A hell hound (Geh:6)
  An ice beast (D:12)
  A boggart (Depths:1)
  An electric eel (D:12)
  A hound (D:12)
  7 ball lightnings (Pan)
  An orc (D:12)
  4 jackals (D:2)
  2 briar patches (Swamp:4)
  5 fungi
  25 plants
  13 withered plants (Crypt:3)
77 creatures vanquished.

Grand Total: 4627 creatures vanquished

Notes
Turn   | Place    | Note
-------+----------+-------------------------------------------
     0 | D:1      | asdasd2 the Minotaur Fighter began the quest for the Orb.
     0 | D:1      | Reached XP level 1. HP: 19/19 MP: 0/0
    91 | D:1      | Reached XP level 2. HP: 26/27 MP: 1/1
   801 | D:2      | Reached XP level 3. HP: 23/34 MP: 2/2
  1121 | D:2      | Noticed Natasha
  1127 | D:2      | Killed Natasha
  1127 | D:2      | Reached skill level 5 in Fighting
  1127 | D:2      | Reached XP level 4. HP: 31/42 MP: 3/3
  1136 | D:2      | Noticed Natasha
  1147 | D:2      | Killed Natasha
  1286 | D:2      | Noticed Natasha
  1290 | D:2      | Killed Natasha
  1378 | D:2      | Reached XP level 5. HP: 45/48 MP: 4/4
  1609 | D:3      | Noticed Jessica
  1616 | D:3      | Killed Jessica
  1617 | D:3      | Noticed Terence
  1632 | D:3      | Killed Terence
  1632 | D:3      | Reached skill level 5 in Armour
  1718 | D:3      | Found a deep blue altar of Sif Muna.
  1723 | D:3      | Noticed ThereIsNoGod's ghost (amateur GrFi)
  1743 | D:3      | Killed ThereIsNoGod's ghost
  1743 | D:3      | Reached skill level 5 in Axes
  1743 | D:3      | Reached XP level 6. HP: 30/57 MP: 5/5
  2734 | D:4      | Reached XP level 7. HP: 50/64 MP: 6/6
  2815 | D:4      | Found a hazy altar of Hepliaklqana.
  2908 | D:4      | Noticed sagitran's ghost (novice OpAs)
  2919 | D:4      | Killed sagitran's ghost
  3029 | D:4      | Found a shimmering altar of Xom.
  3411 | D:5      | Entered Level 5 of the Dungeon
  3476 | D:5      | Reached XP level 8. HP: 70/73 MP: 7/7
  3614 | D:5      | Noticed Menkaure
  3622 | D:5      | Killed Menkaure
  4753 | D:6      | Reached XP level 9. HP: 58/82 MP: 8/8
  4892 | D:6      | Found a stormy altar of Qazlal.
  5235 | D:7      | Found a staircase to the Ecumenical Temple.
  5238 | D:7      | Found an opulent altar of Gozag.
  5248 | Temple   | Entered the Ecumenical Temple
  5346 | Temple   | Became a worshipper of Warmaster Okawaru
  5384 | D:7      | Reached skill level 10 in Axes
  5393 | D:7      | Noticed Joseph
  5406 | D:7      | Killed Joseph
  5517 | D:7      | Found a glowing silver altar of Zin.
  5528 | D:7      | Found a hide-covered altar of Uskayaw.
  5566 | D:7      | Found a radiant altar of Vehumet.
  5627 | D:7      | Reached * piety under Okawaru
  5662 | D:6      | Reached skill level 1 in Dodging
  6345 | D:8      | Found a shimmering altar of Xom.
  6547 | D:8      | Found Boonlure's Jewellery Boutique.
  6990 | D:9      | Found a white marble altar of Elyvilon.
  6998 | D:9      | Reached XP level 10. HP: 77/93 MP: 9/9
  7007 | D:9      | Reached skill level 10 in Armour
  7172 | D:9      | Reached skill level 10 in Fighting
  7183 | D:9      | Reached ** piety under Okawaru
  7292 | D:9      | Noticed a two-headed ogre
  7312 | D:9      | Killed a two-headed ogre
  7612 | D:9      | Reached *** piety under Okawaru
  7942 | D:9      | Found a staircase to the Lair.
  8038 | D:10     | Entered Level 10 of the Dungeon
  8258 | D:10     | Noticed a two-headed ogre
  8280 | D:10     | Killed a two-headed ogre
  8280 | D:10     | Reached **** piety under Okawaru
  8280 | D:10     | Received a gift from Okawaru
  8532 | D:10     | Reached XP level 11. HP: 84/102 MP: 10/10
  9132 | D:10     | Noticed a two-headed ogre
  9137 | D:10     | Killed a two-headed ogre
  9137 | D:10     | Reached ***** piety under Okawaru
  9934 | D:11     | Found an opulent altar of Gozag.
  9952 | D:11     | Found Bieck's Food Shop.
 10143 | D:11     | Found a staircase to the Orcish Mines.
 10371 | D:11     | Received a gift from Okawaru
 10750 | D:11     | Noticed a two-headed ogre
 10767 | D:11     | Killed a two-headed ogre
 10944 | D:11     | Killed an unseen horror
 11044 | D:11     | Noticed a purple ugly thing
 11284 | D:11     | Killed a purple ugly thing
 11523 | D:12     | Noticed a cyan ugly thing
 11525 | D:12     | Noticed Rupert
 11526 | D:12     | Paralysed by Rupert for 5 turns
 11834 | D:12     | Identified a scroll of acquirement
 11849 | D:12     | Found Ykitz's Armour Emporium.
 11876 | D:12     | Paralysed by Rupert for 3 turns
 11905 | D:12     | Paralysed by Rupert for 5 turns
 11916 | D:12     | HP: 1/105 [killer bee (7)]
 11942 | D:12     | HP: 4/105 [killer bee (2)]
 11969 | D:12     | Found a labyrinth entrance.
 11973 | Lab      | Entered a labyrinth
 12693 | Lab      | Noticed a minotaur
 12701 | Lab      | Killed a minotaur
 12706 | Lab      | Identified Saroy's Reference Book on the Mountains
 12770 | D:12     | Reached XP level 12. HP: 107/113 MP: 11/11
 12925 | D:12     | Killed Rupert
 12925 | D:12     | Reached skill level 1 in Invocations
 13207 | D:12     | Received a gift from Okawaru
 13220 | D:12     | Noticed Azrael
 13490 | D:12     | Killed Azrael
 13490 | D:12     | Reached skill level 15 in Axes
 13674 | D:12     | Found a portal to a secret trove of treasure.
 13717 | Trove    | Entered a treasure trove
 13729 | Trove    | Got a bloodstained hat
 13733 | Trove    | Got a pair of warped boots
 13760 | D:12     | Identified the +0 hat "Wiuzusch" {*Drain rF+ rN+ MR+} (You found it in a treasure trove)
 13780 | D:12     | Identified the +1 pair of boots of Fun {Str+3 SInv} (You found it in a treasure trove)
 14171 | D:12     | Noticed a two-headed ogre
 14178 | D:12     | Killed a two-headed ogre
 14561 | D:13     | Found Muto's Weapon Shop.
 14614 | D:13     | Noticed a centaur warrior
 14627 | D:13     | Killed a centaur warrior
 14734 | D:13     | Reached XP level 13. HP: 124/124 MP: 12/12
 14821 | D:10     | Reached skill level 15 in Armour
 14873 | D:8      | Bought the ring "Ysuce" {Wiz rElec Slay+2} for 733 gold pieces
 14873 | D:8      | Bought a +4 amulet of reflection for 378 gold pieces
 14966 | Lair:1   | Entered Level 1 of the Lair of Beasts
 15173 | Lair:1   | Found a shadowy altar of Dithmenos.
 15797 | Lair:2   | Noticed TheGamingCockatoo's ghost (journeyman MiBe)
 15810 | Lair:2   | Killed TheGamingCockatoo's ghost
 15886 | Lair:2   | Noticed Fannar
 15894 | Lair:2   | Killed Fannar
 16355 | Lair:2   | Found a staircase to the Swamp.
 16691 | Lair:3   | Found a dark tunnel.
 16758 | Volcano  | Entered a volcano
 16891 | Volcano  | Noticed skittles's ghost (journeyman DrFE)
 16897 | Volcano  | Reached skill level 15 in Fighting
 16905 | Volcano  | Killed skittles's ghost
 17075 | Volcano  | Found a radiant altar of Vehumet.
 17249 | Volcano  | Received a gift from Okawaru
 17417 | Lair:3   | Noticed Harold
 17424 | Lair:3   | Killed Harold
 17753 | Lair:3   | Reached skill level 1 in Maces & Flails
 17848 | Lair:3   | Found a staircase to the Snake Pit.
 17946 | Lair:3   | Found a blossoming altar of Fedhas.
 18165 | Lair:4   | Noticed Kirke
 18178 | Lair:4   | Killed Kirke
 18178 | Lair:4   | Reached XP level 14. HP: 104/135 MP: 13/13
 18268 | Lair:4   | Received a gift from Okawaru
 18488 | Lair:4   | Found a stormy altar of Qazlal.
 19135 | Lair:5   | Found a viscous altar of Jiyva.
 19136 | Lair:5   | Found a staircase to the Slime Pits.
 19357 | Lair:6   | Entered Level 6 of the Lair of Beasts
 19788 | Lair:6   | Reached ****** piety under Okawaru
 20213 | Lair:6   | Received a gift from Okawaru
 21060 | Orc:1    | Entered Level 1 of the Orcish Mines
 21060 | Orc:1    | Found Naisime's Magic Scroll Shoppe.
 21135 | Orc:1    | Found Donkoleg's Armour Emporium.
 21196 | Orc:1    | Found Gucsop's General Store.
 21223 | Orc:1    | Found Cyumomib's Assorted Antiques.
 21245 | Orc:1    | Bought a potion of curing for 69 gold pieces
 21245 | Orc:1    | Bought a glowing scarf for 184 gold pieces
 21245 | Orc:1    | Bought a potion of heal wounds for 115 gold pieces
 21245 | Orc:1    | Bought a scroll labeled KOITUO BEMEZOQAL for 23 gold pieces
 21320 | Orc:1    | Bought a scroll of brand weapon for 360 gold pieces
 21320 | Orc:1    | Bought a scroll of identify for 36 gold pieces
 21320 | Orc:1    | Bought a scroll of identify for 36 gold pieces
 21320 | Orc:1    | Bought a scroll of blinking for 135 gold pieces
 21320 | Orc:1    | Bought a scroll of fog for 36 gold pieces
 21425 | Orc:2    | Entered Level 2 of the Orcish Mines
 21440 | Orc:2    | Noticed an orc warlord
 21453 | Orc:2    | Killed an orc warlord
 21623 | Orc:2    | Found Mosaoram's Antique Weapon Shop.
 21695 | Orc:2    | Found a staircase to the Elven Halls.
 21696 | Orc:2    | Found a roughly hewn altar of Beogh.
 21770 | Orc:2    | Noticed an orc warlord
 22181 | Orc:2    | Killed an orc warlord
 22181 | Orc:2    | Received a gift from Okawaru
 22633 | Orc:2    | Reached XP level 15. HP: 134/147 MP: 14/14
 22721 | Orc:2    | Found Ekytaisa's General Store.
 22722 | Orc:2    | Found Raek's Jewellery Boutique.
 22723 | Orc:2    | Found Teusae's Antique Armour Boutique.
 22723 | Orc:2    | Found Bomnuc's Antique Weapon Shop.
 22737 | Orc:2    | Bought a scroll of identify for 28 gold pieces
 22737 | Orc:2    | Bought a scroll of identify for 28 gold pieces
 23020 | Snake:1  | Entered Level 1 of the Snake Pit
 23142 | Snake:1  | Noticed Louise
 23154 | Snake:1  | Killed Louise
 23191 | Snake:1  | Noticed Haldmier's ghost (adept HaMo)
 23221 | Snake:1  | Killed Haldmier's ghost
 23756 | Snake:1  | Received a gift from Okawaru
 23814 | Snake:1  | Noticed Aizul
 23821 | Snake:1  | Killed Aizul
 24312 | Snake:2  | Found Qocvaogoj's Food Emporium.
 25581 | Snake:3  | Received a gift from Okawaru
 26659 | Snake:3  | Reached XP level 16. HP: 159/159 MP: 16/16
 26665 | Snake:4  | Entered Level 4 of the Snake Pit
 27642 | Snake:4  | Received a gift from Okawaru
 28427 | Snake:4  | Got a serpentine rune of Zot
 28680 | Swamp:1  | Entered Level 1 of the Swamp
 28990 | Swamp:1  | Noticed a thorn hunter
 29002 | Swamp:1  | Killed a thorn hunter
 29018 | Swamp:1  | Found a frozen archway.
 29062 | IceCv    | Entered an ice cave
 29087 | IceCv    | Received a gift from Okawaru
 29256 | IceCv    | Got a faintly glowing war axe {god gift}
 29260 | IceCv    | Identified the +3 war axe "Lirulos" {venom, rPois} (Okawaru gifted it to you in an ice cave)
 29527 | IceCv    | Noticed an Ice Fiend
 29534 | IceCv    | Killed an Ice Fiend
 30339 | Swamp:2  | Reached XP level 17. HP: 164/170 MP: 17/17
 30650 | Swamp:2  | Received a gift from Okawaru
 31597 | Swamp:4  | Entered Level 4 of the Swamp
 32734 | Swamp:4  | Got a decaying rune of Zot
 32825 | Swamp:4  | Received a gift from Okawaru
 33364 | D:13     | Noticed Snorg
 33378 | D:13     | Killed Snorg
 33460 | D:13     | Found a shimmering altar of Xom.
 33925 | D:14     | Found a gate to the Vaults.
 34362 | D:14     | Found Abyuneabue's General Store.
 34370 | D:14     | Bought a potion of curing for 45 gold pieces
 34370 | D:14     | Bought a potion of curing for 45 gold pieces
 34625 | D:15     | Entered Level 15 of the Dungeon
 34864 | D:15     | Received a gift from Okawaru
 34884 | D:15     | Found a staircase to the Depths.
 35086 | D:15     | Reached XP level 18. HP: 173/184 MP: 18/18
 35478 | Depths:1 | Entered Level 1 of the Depths
 35537 | Depths:1 | Noticed Bai Suzhen
 35548 | Depths:1 | Killed Bai Suzhen
 35639 | Depths:1 | Noticed a golden dragon
 36202 | Depths:1 | Received a gift from Okawaru
 36511 | Depths:1 | Found a gateway to Hell.
 36579 | Depths:1 | Found a one-way gate leading to the halls of Pandemonium.
 36979 | Depths:2 | Noticed a caustic shrike
 36991 | Depths:2 | Killed a caustic shrike
 36991 | Depths:2 | Received a gift from Okawaru
 37023 | Depths:2 | Reached XP level 19. HP: 151/198 MP: 19/19
 37135 | Depths:2 | Received a gift from Okawaru
 37248 | Depths:2 | Found Xyoz Pui's General Store.
 37248 | Depths:2 | Found Jorut's Antique Armour Shoppe.
 37248 | Depths:2 | Noticed a golden dragon
 37530 | Depths:2 | Noticed a golden dragon
 37538 | Depths:2 | Killed a golden dragon
 37589 | Depths:2 | Received a gift from Okawaru
 38132 | Depths:2 | Killed a golden dragon
 38194 | Depths:2 | Received a gift from Okawaru
 38283 | Depths:2 | Found Kiedgh's General Store.
 38285 | Depths:2 | Found Heaphy Rair's Food Shop.
 38301 | Depths:2 | Bought 2 scrolls of blinking for 285 gold pieces
 38301 | Depths:2 | Bought a potion of might for 76 gold pieces
 38307 | Depths:2 | Bought a scroll of identify for 34 gold pieces
 38366 | Depths:2 | Paralysed by a Zot trap for 4 turns
 38451 | Depths:2 | Found a one-way gate to the infinite horrors of the Abyss.
 39037 | Depths:3 | Found a gateway to a ziggurat.
 39097 | Depths:3 | Reached XP level 20. HP: 167/210 MP: 20/20
 39196 | Depths:3 | Found a transporter.
 39200 | Depths:3 | Found a viscous altar of Jiyva.
 39548 | Depths:3 | Received a gift from Okawaru
 39747 | Depths:3 | Received a gift from Okawaru
 39758 | Depths:3 | Got a smoking battleaxe {god gift}
 39759 | Depths:3 | Identified the +6 battleaxe of Nuabas {chop, rPois rF+ rC+ Str-3} (Okawaru gifted it to you on level 3 of the Depths)
 40765 | Depths:4 | Found Opnuic's Distillery.
 40784 | Depths:4 | Bought a potion of curing for 60 gold pieces
 40784 | Depths:4 | Bought a potion of curing for 60 gold pieces
 40784 | Depths:4 | Bought a potion of agility for 80 gold pieces
 40784 | Depths:4 | Bought a potion of agility for 80 gold pieces
 40784 | Depths:4 | Bought a potion of cancellation for 160 gold pieces
 40944 | Depths:4 | Received a gift from Okawaru
 41213 | Depths:4 | Noticed a golden dragon
 41221 | Depths:4 | Killed a golden dragon
 41225 | Depths:4 | Noticed a golden dragon
 41576 | Depths:4 | Killed a golden dragon
 41792 | Depths:4 | Reached XP level 21. HP: 186/222 MP: 21/21
 42133 | Depths:5 | Entered Level 5 of the Depths
 42639 | Depths:5 | Received a gift from Okawaru
 43487 | Depths:5 | Reached skill level 27 in Fighting
 43892 | Depths:5 | Received a gift from Okawaru
 44164 | Depths:5 | Noticed a golden dragon
 44176 | Depths:5 | Killed a golden dragon
 44190 | Depths:5 | Found a gate to the Realm of Zot.
 44726 | Vaults:1 | Entered Level 1 of the Vaults
 45437 | Vaults:1 | Reached XP level 22. HP: 226/233 MP: 23/23
 45536 | Vaults:1 | Received a gift from Okawaru
 46168 | Vaults:2 | Received a gift from Okawaru
 46244 | Vaults:2 | Got a twisted scarf {god gift}
 46246 | Vaults:2 | Identified the scarf of Zierir {rC+ MR+} (Okawaru gifted it to you on level 2 of the Vaults)
 46634 | Vaults:2 | Found a shattered altar of Ashenzari.
 46708 | Vaults:2 | Found a staircase to the Crypt.
 46822 | Vaults:2 | Found Mavuat's Gadget Shoppe.
 47280 | Vaults:3 | Found Kaodum's Book Shop.
 47336 | Vaults:3 | Received a gift from Okawaru
 47941 | Vaults:4 | Reached XP level 23. HP: 240/240 MP: 24/24
 47945 | Vaults:4 | Received a gift from Okawaru
 48825 | Vaults:4 | Found Zaigeog's Magic Scroll Boutique.
 48833 | Vaults:4 | Bought a scroll of enchant armour for 135 gold pieces
 49110 | Vaults:5 | Entered Level 5 of the Vaults
 49114 | Vaults:5 | Reached skill level 27 in Axes
 49147 | Vaults:5 | Paralysed by a floating eye for 4 turns
 49163 | Vaults:5 | Received a gift from Okawaru
 49191 | Vaults:5 | Noticed an ancient lich
 49195 | Vaults:5 | Noticed an ancient lich
 49197 | Vaults:5 | Killed an ancient lich
 49197 | Vaults:5 | Reached skill level 5 in Invocations
 49208 | Vaults:5 | Reached XP level 24. HP: 212/249 MP: 25/25
 49210 | Vaults:5 | Killed an ancient lich
 49210 | Vaults:5 | Reached skill level 27 in Armour
 49217 | Vaults:5 | Received a gift from Okawaru
 49243 | Vaults:5 | Got a scorched scarf {god gift}
 49244 | Vaults:5 | Identified the scarf "Ipinus" {rF+ rN+ Int+3 Stlth+} (Okawaru gifted it to you on level 5 of the Vaults)
 49456 | Vaults:5 | Got a brightly glowing iron ring
 49457 | Vaults:5 | Identified the ring of Jaulooxu {*Tele +Blink rF+ Str+2} (You found it on level 5 of the Vaults)
 49602 | Vaults:5 | Noticed Jorgrun
 49610 | Vaults:5 | Killed Jorgrun
 49698 | Vaults:5 | Found Syvi's Magic Scroll Boutique.
 49718 | Vaults:5 | Bought a scroll of identify for 28 gold pieces
 49718 | Vaults:5 | Bought a scroll of enchant armour for 105 gold pieces
 49718 | Vaults:5 | Bought a scroll of silence for 105 gold pieces
 50130 | Vaults:5 | Got a silver rune of Zot
 50181 | Vaults:5 | Reached skill level 10 in Invocations
 50687 | Slime:1  | Entered Level 1 of the Pits of Slime
 50690 | Slime:1  | Gained mutation: Your spells are a little easier to cast, but a little less powerful. [a shining eye]
 50810 | Slime:2  | Gained mutation: You are occasionally teleported next to monsters. [a shining eye]
 50813 | Slime:2  | Gained mutation: You tend to lose your temper in combat. [a shining eye]
 51166 | Slime:5  | Entered Level 5 of the Pits of Slime
 51234 | Slime:5  | Gained mutation: Your body sometimes deteriorates upon taking damage. [a shining eye]
 51280 | Slime:5  | Noticed Donald
 51291 | Slime:5  | Killed Donald
 51316 | Slime:5  | Noticed the Royal Jelly
 51322 | Slime:5  | Gained mutation: You are clumsy. (Dex -2) [a shining eye]
 51350 | Slime:5  | Gained mutation: Your muscles are strong. (Str +2) [a shining eye]
 51352 | Slime:5  | Received a gift from Okawaru
 51354 | Slime:5  | Killed the Royal Jelly
 51497 | Slime:5  | Gained mutation: You are dopey. (Int -2) [a shining eye]
 51503 | Slime:5  | Lost mutation: Your muscles are strong. (Str +2) [a shining eye]
 51524 | Slime:5  | Paralysed by a floating eye for 3 turns
 51587 | Slime:5  | Got a slimy rune of Zot
 51617 | Slime:5  | Identified the Grimoire of the Oath
 51668 | Slime:5  | Identified the Almanac of Creation
 52604 | Temple   | Fell from the grace of Okawaru
 52604 | Temple   | Became a worshipper of the Shining One
 52827 | Crypt:1  | Entered Level 1 of the Crypt
 52854 | Crypt:1  | Reached * piety under the Shining One
 53040 | Crypt:1  | Reached XP level 25. HP: 257/257 MP: 32/32
 53056 | Crypt:1  | Reached ** piety under the Shining One
 53209 | Crypt:1  | Reached *** piety under the Shining One
 53320 | Crypt:1  | Reached **** piety under the Shining One
 53416 | Crypt:1  | Reached skill level 15 in Invocations
 53731 | Crypt:2  | Reached ***** piety under the Shining One
 53746 | Crypt:2  | Noticed Mara
 53747 | Crypt:2  | Noticed asdasd2's illusion
 53776 | Crypt:2  | Noticed asdasd2's illusion
 53789 | Crypt:2  | Killed Mara
 54465 | Crypt:2  | Reached ****** piety under the Shining One
 54582 | Crypt:3  | Entered Level 3 of the Crypt
 54666 | Crypt:3  | Found a staircase to the Tomb.
 54763 | Crypt:3  | Got a heavily runed tin ring
 54764 | Crypt:3  | Identified the ring "Acesmi" {*Drain +Inv rElec Slay+2} (You acquired it on level 3 of the Crypt)
 54928 | Crypt:3  | Reached skill level 5 in Dodging
 55294 | Crypt:3  | Found an ancient bone altar of Kikubaaqudgha.
 55484 | Crypt:3  | Noticed an ancient lich
 55487 | Crypt:3  | Reached skill level 1 in Evocations
 55493 | Crypt:3  | Killed an ancient lich
 55623 | Crypt:3  | Reached skill level 10 in Dodging
 56346 | Temple   | Identified a +9 executioner's axe of holy wrath (a +9 executioner's axe of flaming blessed by the Shining One)
 56346 | Temple   | Received a gift from the Shining One
 56475 | Elf:1    | Entered Level 1 of the Elven Halls
 56558 | Elf:1    | Identified the Disquisition on Unholy Rituals
 57274 | Elf:1    | Reached XP level 26. HP: 233/266 MP: 34/34
 57632 | Elf:2    | Found an ancient bone altar of Kikubaaqudgha.
 57929 | Elf:2    | Found a runed gate.
 57929 | Elf:2    | Found a runed gate.
 57929 | Elf:2    | Found a runed gate.
 58126 | Elf:2    | Was forgiven by Okawaru
 58208 | Elf:3    | Entered Level 3 of the Elven Halls
 59043 | Elf:3    | Reached skill level 15 in Dodging
 59182 | Elf:3    | Identified Sif Muna's Collected Works on Malediction
 60070 | Hell     | Entered the Vestibule of Hell
 60070 | Hell     | Noticed Geryon
 60097 | Hell     | Killed Geryon
 60180 | Hell     | Found a gateway to the Iron City of Dis.
 60655 | Hell     | Found a gateway to the decaying netherworld of Tartarus.
 60744 | Tar:1    | Entered Level 1 of Tartarus
 60757 | Tar:1    | Reached XP level 27. HP: 273/273 MP: 35/35
 62612 | Tar:7    | Entered Level 7 of Tartarus
 62691 | Tar:7    | Noticed Ereshkigal
 62715 | Tar:7    | Killed Ereshkigal
 62912 | Tar:7    | Got a bone rune of Zot
 63387 | Hell     | Found a gateway to the ashen valley of Gehenna.
 63400 | Geh:1    | Entered Level 1 of Gehenna
 64069 | Geh:6    | Gained mutation: Your spells are easier to cast, but less powerful. [mutagenic glow]
 64092 | Geh:6    | Gained mutation: You are very dopey. (Int -4) [mutagenic glow]
 64118 | Geh:6    | Gained mutation: Your magical capacity is low. (-10% MP) [mutagenic glow]
 64165 | Geh:7    | Entered Level 7 of Gehenna
 64508 | Geh:7    | Lost intelligence.
 64518 | Geh:7    | The Shining One protects you from harm!
 64566 | Geh:7    | Lost intelligence.
 64959 | Orc:2    | Bought the amulet of Activism {rF+ Regen+ Int+8 Dex-5 SInv} for 599 gold pieces
 66190 | Geh:7    | Reached skill level 5 in Evocations
 66359 | Geh:7    | Noticed Asmodeus
 66371 | Geh:7    | Killed Asmodeus
 66420 | Geh:7    | Got an obsidian rune of Zot
 66614 | Dis:1    | Entered Level 1 of the Iron City of Dis
 67052 | Dis:2    | Gained mutation: Your spells are much easier to cast, but much less powerful. [mutagenic glow]
 67093 | Dis:2    | Gained mutation: You often lose your temper in combat. [mutagenic glow]
 67767 | Dis:7    | Entered Level 7 of the Iron City of Dis
 67926 | Dis:7    | Lost mutation: You are occasionally teleported next to monsters. [mutagenic glow]
 67967 | Dis:7    | Got a vibrating bone amulet
 67968 | Dis:7    | Identified the amulet "Ciatuco" {RegenMP rC- rN++ Str+2 Int+2} (You acquired it on level 7 of the Iron City of Dis)
 67977 | Dis:7    | Lost mutation: Your body sometimes deteriorates upon taking damage. [mutagenic glow]
 68108 | Dis:7    | Identified the Reference Book on the Glacier and Stones
 68264 | Dis:7    | Noticed the Serpent of Hell
 68307 | Dis:7    | Gained mutation: Armour fits poorly on your strangely shaped body. [mutagenic glow]
 68349 | Dis:7    | Lost mutation: You are clumsy. (Dex -2) [mutagenic glow]
 68380 | Dis:7    | Gained mutation: You are frail. (-10% HP) [mutagenic glow]
 68492 | Dis:7    | Reached skill level 27 in Dodging
 69056 | Dis:7    | Killed the Serpent of Hell
 69129 | Dis:7    | Noticed Dispater
 69143 | Dis:7    | Killed Dispater
 69186 | Dis:7    | Got a pair of heavily runed boots
 69188 | Dis:7    | Got an iron rune of Zot
 69356 | Hell     | Found a gateway to the freezing wastes of Cocytus.
 69390 | Coc:1    | Entered Level 1 of Cocytus
 69428 | Coc:2    | Identified the +1 pair of boots of Xycs {rF++ Str-5} (You found it on level 7 of the Iron City of Dis)
 70412 | Coc:7    | Entered Level 7 of Cocytus
 70814 | Coc:7    | Noticed Antaeus
 70823 | Coc:7    | The Shining One protects you from harm!
 71406 | Coc:7    | HP: 12/240 [reaper/scythe of pain (13)]
 71409 | Hell     | The Shining One protects you from harm!
 71683 | Hell     | Killed Antaeus
 72158 | Coc:7    | Reached skill level 27 in Invocations
 72224 | Coc:7    | Gained mutation: You occasionally shout uncontrollably at your foes. [mutagenic glow]
 72346 | Coc:7    | Got an icy rune of Zot
 72536 | Pan      | Entered Pandemonium
 72587 | Pan      | Found an exit through the horrors of the Abyss.
 72599 | Pan      | Gained mutation: You are very frail. (-20% HP) [a cacodemon]
 72911 | Pan      | Identified the Compendium of Malediction and Lightness
 72959 | Pan      | Reached skill level 10 in Evocations
 73083 | Pan      | Noticed Oxtagaun the pandemonium lord
 73091 | Pan      | Killed Oxtagaun the pandemonium lord
 73287 | Pan      | Gained mutation: You are weak. (Str -2) [a cacodemon]
 73595 | Pan      | Noticed Woibeeto the pandemonium lord
 73610 | Pan      | Killed Woibeeto the pandemonium lord
 73716 | Pan      | Gained mutation: You expend magic power (3 MP) to strengthen your wands. [a neqoxec]
 73722 | Pan      | Gained mutation: You have an uncontrollable temper. [a neqoxec]
 73864 | Pan      | Found an exit through the horrors of the Abyss.
 74312 | Pan      | Found a runed door.
 74321 | Pan      | Found a runed door.
 74322 | Pan      | Found a runed door.
 74324 | Pan      | Noticed Bellucw the pandemonium lord
 74336 | Pan      | Killed Bellucw the pandemonium lord
 74466 | Pan      | Found a runed door.
 74568 | Pan      | Found an exit through the horrors of the Abyss.
 75123 | Pan      | Entered the realm of Gloorx Vloq.
 75152 | Pan      | Reached skill level 15 in Evocations
 75189 | Pan      | Found an exit through the horrors of the Abyss.
 75450 | Pan      | Noticed Gloorx Vloq
 75712 | Pan      | Killed Gloorx Vloq
 75904 | Pan      | Got a dark rune of Zot
 76125 | Pan      | Entered the realm of Lom Lobon.
 76509 | Pan      | Found an exit through the horrors of the Abyss.
 77328 | Pan      | Noticed Lom Lobon
 77348 | Pan      | Killed Lom Lobon
 77353 | Pan      | Got a magical rune of Zot
 77511 | Pan      | Got a sparkling steel amulet
 77512 | Pan      | Identified the amulet "Pali" {Inacc Int+5} (You found it in Pandemonium)
 77548 | Pan      | Gained mutation: Your body sometimes deteriorates upon taking damage. [a cacodemon]
 77568 | Pan      | Found an exit through the horrors of the Abyss.
 77750 | Pan      | Found a runed door.
 77999 | Pan      | Gained mutation: Scrolls take you a little longer to read. [a neqoxec]
 78743 | Pan      | Noticed Sorch the pandemonium lord
 78750 | Pan      | Killed Sorch the pandemonium lord
 78876 | Pan      | Noticed Guacluax the pandemonium lord
 78890 | Pan      | Killed Guacluax the pandemonium lord
 79144 | Pan      | Found an exit through the horrors of the Abyss.
 79565 | Pan      | Found an exit through the horrors of the Abyss.
 79744 | Pan      | Noticed Bung the pandemonium lord
 79887 | Pan      | Killed Bung the pandemonium lord
 80820 | Pan      | Found an exit through the horrors of the Abyss.
 81082 | Pan      | Noticed Ugole the pandemonium lord
 81090 | Pan      | Killed Ugole the pandemonium lord
 81908 | Pan      | Found an exit through the horrors of the Abyss.
 82192 | Pan      | Noticed Iddeoceapt the pandemonium lord
 82196 | Pan      | Killed from afar by a hellion

Skill      XL: |  1  2  3  4  5  6  7  8  9 10 11 12 13 14 15 16 17 18 19 20 21 22 23 24 25 26 27 |
---------------+----------------------------------------------------------------------------------+-----
Fighting       | 4 5 6 7 8 9 11 12 14 15 17 18 20 22 23 25 26 27 | 27.0
Armour         | 4 5 6 8 9 11 13 14 16 17 18 20 21 22 24 26 27 | 27.0
Axes           | 3 5 7 9 11 12 14 15 17 18 19 20 21 22 24 26 27 | 27.0
Dodging        | 1 11 17 27 | 27.0
Invocations    | 1 2 3 5 14 16 18 27 | 27.0
Maces & Flails | 1 |  1.6
Evocations     | 1 3 22 | 22.0
Shields        | |  3.6

Action                   |  1- 3 |  4- 6 |  7- 9 | 10-12 | 13-15 | 16-18 | 19-21 | 22-24 | 25-27 || total
-------------------------+-------+-------+-------+-------+-------+-------+-------+-------+-------++-------
Melee: War axe           |    88 |   147 |   302 |   387 |       |       |       |       |       ||   924
       Headbutt          |     9 |    19 |    53 |   142 |   252 |   333 |   386 |   369 |  1013 ||  2576
       Broad axe         |       |       |       |   259 |   909 |  1112 |  1125 |   175 |       ||  3580
       Mace              |       |       |       |       |    11 |       |       |       |       ||    11
       Executioner's axe |       |       |       |       |       |       |       |   882 |  4208 ||  5090
Invok: Heroism           |       |       |       |     2 |     1 |       |    11 |     1 |       ||    15
       Finesse           |       |       |       |     1 |     1 |       |       |     2 |       ||     4
       Brand Weapon With |       |       |       |       |       |       |       |       |     1 ||     1
       Summon Divine War |       |       |       |       |       |       |       |       |     2 ||     2
Evoke: Wand              |       |       |       |       |       |       |     2 |       |     1 ||     3
  Use: Scroll            |       |     9 |     8 |    11 |    24 |    19 |     9 |    17 |    25 ||   122
       Potion            |       |       |     4 |    14 |     1 |       |     1 |     4 |    14 ||    38
 Stab: Held in net/web   |       |       |       |       |     1 |       |       |       |       ||     1
       Petrified         |       |       |       |       |     2 |       |       |       |       ||     2
       Petrifying        |       |       |       |       |     1 |       |       |       |       ||     1
       Distracted        |       |       |       |       |       |       |     2 |     1 |       ||     3
  Eat: Chunk             |       |     6 |    10 |     8 |    15 |    12 |    12 |    14 |    18 ||    95
       Fruit             |       |       |     2 |     2 |    14 |     7 |       |     4 |     3 ||    32
       Royal jelly       |       |       |     1 |     2 |     5 |     6 |     1 |     1 |    11 ||    27
       Bread ration      |       |       |     1 |       |       |     1 |       |     1 |    10 ||    13
       Meat ration       |       |       |       |     2 |       |       |     3 |     1 |     3 ||     9
Armor: Scale mail        |    21 |       |       |       |       |       |       |       |       ||    21
       Plate armour      |    26 |    79 |   127 |   248 |       |       |       |       |       ||   480
       Crystal plate arm |       |       |       |   114 |   505 |   916 |   636 |   787 |  2374 ||  5332
Dodge: Dodged            |    32 |    23 |    55 |   127 |   173 |   272 |   168 |   326 |  2206 ||  3382
Block: Shield            |    44 |    73 |   119 |   268 |   233 |   512 |   605 |    79 |       ||  1933
       Reflection        |       |       |       |       |    20 |    41 |    63 |    17 |    13 ||   154
       Other             |       |       |       |       |    55 |    54 |       |   122 |   261 ||   492
